 Dungeon Crawl Stone Soup version 0.23.1 (webtiles) character file.

Game seed: 0

95 night the Insei (level 4, -9/30 HPs)
             Began as a Demonspawn Fire Elementalist on Mar 19, 2019.
             Mangled by an orc warrior
             ... wielding a +0 broad axe
              (17 damage)
             ... on level 2 of the Dungeon.
             The game lasted 00:08:28 (3434 turns).

night the Insei (Demonspawn Fire Elementalist)      Turns: 3434, Time: 00:08:29

Health: -9/30      AC:  2    Str:  8    XL:     4   Next: 40%
Magic:  1/7        EV: 14    Int: 18    God:
Gold:   42         SH:  0    Dex: 13    Spells: 6/7 levels left

rFire    . . .     SeeInvis .     - Unarmed
rCold    . . .     Gourm    .   (no shield)
rNeg     . . .     Faith    .   a - +0 robe
rPois    .         Spirit   .   (no helmet)
rElec    .         Reflect  .   (no cloak)
rCorr    .         Harm     .   (no gloves)
MR       .....                  (no boots)
Stlth    ++........             (no amulet)
HPRegen  0.10/turn              (no ring)
MPRegen  0.10/turn              (no ring)

@: no status effects
A: repulsion field 1
a: no special abilities


You were on level 2 of the Dungeon.
You were not hungry.

You visited 1 branch of the dungeon, and saw 2 of its levels.

You collected 42 gold pieces.

Inventory:

Hand Weapons
 j - a +0 hunting sling
Missiles
 e - 23 stones (quivered)
 k - 10 sling bullets
Armour
 a - a +0 robe (worn)
Jewellery
 i - an uncursed amulet of harm {unknown}
Scrolls
 b - 4 scrolls of teleportation {unknown}
 f - a scroll of immolation {unknown}
 g - 3 scrolls of identify {unknown}
Potions
 d - a potion of curing {unknown}
 h - a potion of mutation {unknown}
 l - a potion of heal wounds {unknown}
 m - a potion of agility {unknown}
Comestibles
 c - 3 rations


   Skills:
 - Level 1.7 Dodging
 - Level 1.7 Stealth
 * Level 3.7 Unarmed Combat
 - Level 2.0 Spellcasting
 - Level 1.0 Conjurations
 - Level 2.6 Fire Magic


You had 6 spell levels left.
You knew the following spells:

 Your Spells              Type           Power        Failure   Level  Hunger
a - Flame Tongue          Conj/Fire      #....        9%          1    #......

Your spell library contained the following spells:

 Spells                   Type           Power        Failure   Level  Hunger
 Throw Flame              Conj/Fire      #.....       13%         2    ###....
 Conjure Flame            Conj/Fire      #.......     26%         3    ###....
 Inner Flame              Hex/Fire       #.......     30%         3    ###....
 Sticky Flame             Conj/Fire      #.......     63%         4    #####..
 Fireball                 Conj/Fire      #.........   93%         5    ######.


Dungeon Overview and Level Annotations

Branches:
Dungeon (2/15)

Altars:


Innate Abilities, Weirdness & Mutations

You are surrounded by a mild repulsion field. (EV +2)


Message History

Casting: Flame Tongue (safe; 9% risk of failure)
Confirm with . or Enter, or press ? or * to list all spells.
Aiming: Flame Tongue (safe; 9% risk of failure)
Press: ? - help, Shift-Dir - straight line, f/p - orc warrior
Aim: an orc warrior, wielding a +0 broad axe and wearing a +0 chain mail (moderately wounded)
The flame tongue hits the orc warrior but does no damage.
The orc warrior is moderately wounded.
The orc warrior hits you with a +0 broad axe!!
Ouch! That really hurt!
* * * LOW HITPOINT WARNING * * *
Casting: Flame Tongue (safe; 9% risk of failure)
Confirm with . or Enter, or press ? or * to list all spells.
Aiming: Flame Tongue (safe; 9% risk of failure)
Press: ? - help, Shift-Dir - straight line, f/p - orc warrior
Aim: an orc warrior, wielding a +0 broad axe and wearing a +0 chain mail (moderately wounded)
The flame tongue hits the orc warrior but does no damage.
The orc warrior is moderately wounded.
The orc warrior hits you with a +0 broad axe!
Ouch! That really hurt!
You die...

#.# ##.....##
####.# ..# ##...##
#....# ### ##'##
#.#### # #.# #.# #
#.# #.#
#########.##### #.#
......##รท.....#
#.#
.####.#.....#.###.#
....#.##...#..oo@.#
.##.#.###..#..#####
.##...........#
.####.###..##.# .#
#.# #..##.# .####.#
#..##.# ......#
#.....# #######
#.##### ## #.#


You could see an orc warrior and an orc.

Vanquished Creatures
  An orc wizard (D:2)
  2 adders (D:2)
  A worm (D:2)
  A leopard gecko (D:1)
  2 orcs (D:2)
  6 bats
  A giant cockroach (D:1)
  5 goblins
  5 hobgoblins
  7 jackals
  A frilled lizard (D:2)
  4 kobolds (D:1)
  5 rats (D:1)
41 creatures vanquished.

Notes
Turn   | Place    | Note
-------+----------+-------------------------------------------
     0 | D:1      | night the Demonspawn Fire Elementalist began the quest for
                  | the Orb.
     0 | D:1      | Reached XP level 1. HP: 13/13 MP: 3/3
   301 | D:1      | Reached skill level 1 in Unarmed Combat
   384 | D:1      | Gained mutation: You are surrounded by a mild repulsion
                  | field. (EV +2) [demonic ancestry]
   384 | D:1      | Reached XP level 2. HP: 19/19 MP: 0/5
   933 | D:1      | Reached skill level 2 in Unarmed Combat
  1284 | D:1      | Reached XP level 3. HP: 24/24 MP: 4/6
  2716 | D:2      | Reached skill level 3 in Unarmed Combat
  3149 | D:2      | Reached XP level 4. HP: 30/30 MP: 0/7
  3151 | D:2      | Noticed an orc warrior
  3434 | D:2      | Mangled by an orc warrior

Skill      XL: |  1  2  3 |
---------------+----------+-----
Unarmed Combat | 1 2 3 |  3.7
Dodging        | |  1.7
Stealth        | |  1.7
Spellcasting   | |  2.0
Conjurations   | |  1.0
Fire Magic     | |  2.6

Action                   |  1- 3 |  4- 6 || total
-------------------------+-------+-------++-------
Melee: Unarmed           |    54 |    12 ||    66
       Short sword       |     6 |       ||     6
       Punch             |     1 |       ||     1
Throw: Stone             |     1 |       ||     1
 Cast: Flame Tongue      |    71 |    11 ||    82
  Eat: Chunk             |     6 |     3 ||     9
Armor: Robe              |    12 |     1 ||    13
Dodge: Dodged            |    71 |     4 ||    75
